 Dungeon Crawl Stone Soup version 0.16.1-28-gcc2312f (webtiles) character file.

124723 Miyamura the Whirler (level 17, -16/117 HPs)
             Began as a Halfling Hunter on May 27, 2015.
             Was an Initiate of Gozag.
             Killed from afar by Nikola (36 damage)
             ... with a chain lightning
             ... on level 2 of the Spider Nest on May 28, 2015.
             The game lasted 04:14:55 (52891 turns).

Miyamura the Whirler (Halfling Hunter)             Turns: 52891, Time: 04:14:55

Health: -16/117    AC: 25    Str: 18    XL:     17   Next: 48%
Magic:  35/35      EV: 29    Int: 10    God:    Gozag
Gold:   233        SH:  0    Dex: 19    Spells: 3 memorised, 11 levels left

rFire  . . .     SeeInvis .     A - +9 dagger "Gynlec" {vamp, rPois rN+ MP+9 Int-3 Stlth+}
rCold  . . .     Clarity  +     V - +5 ring mail {rPois}
rNeg   + + .     SustAb   +     (no shield)
rPois  +         Gourm    .     F - +2 hat
rElec  .         Spirit   .     I - +2 cloak
rCorr  .         Warding  .     q - +2 pair of gloves
rMut   .         Stasis   .     x - +2 pair of boots
MR     ++...                    v - amulet of clarity
Stlth  ++++......               Y - ring "Wawnesme" {rN+ MR+ MP+9 Str+4 Int+2}
                                E - ring of sustain abilities

@: very resistant to hostile enchantments, stealthy
A: fangs 1, mutation resistance 1
a: Potion Petition, Call Merchant, Bribe Branch, Renounce Religion


You were on level 2 of the Spider Nest.
You worshipped Gozag.
Gozag was noncommittal.
You were hungry.

You visited 6 branches of the dungeon, and saw 31 of its levels.
You also visited: Labyrinth, Sewer and Ice Cave.

You collected 10720 gold pieces.
You spent 3852 gold pieces at shops.
You paid 6635 gold pieces to Gozag.

Inventory:

Hand weapons
 b - a cursed +2 hunting sling of venom
 A - the +9 dagger "Gynlec" (weapon) {vamp, rPois rN+ MP+9 Int-3 Stlth+}
   (You found it in an ice cave)

   It inflicts no extra harm, but heals its wielder somewhat when it strikes a
   living foe.
   It affects your intelligence (-3).
   It protects you from poison.
   It protects you from negative energy.
   It affects your magic capacity (+9).
   It makes you more stealthy.
Missiles
 e - 552 stones (quivered)
Armour
 q - a +2 pair of gloves (worn)
 x - a +2 pair of boots (worn)
 F - a +2 hat (worn)
 I - a +2 cloak (worn)
 J - a +0 buckler
 V - a +5 ring mail of poison resistance (worn)
Jewellery
 d - an uncursed amulet of resist mutation
 i - an uncursed ring of flight
 r - the ring "Viemioss" {rF+ Int+4}
   (You took it off a minotaur in a labyrinth)

   [ring of intelligence]

   It affects your intelligence (+4).
   It protects you from fire.
 v - an amulet of clarity (around neck)
 E - a ring of sustain abilities (left hand)
 X - an uncursed amulet of resist corrosion
 Y - the ring "Wawnesme" (right hand) {rN+ MR+ MP+9 Str+4 Int+2}
   (You bought it in a shop on level 1 of the Depths)

   [ring of positive energy]

   It affects your strength (+4).
   It affects your intelligence (+2).
   It protects you from negative energy.
   It affects your resistance to hostile enchantments.
   It affects your magic capacity (+9).
Magical devices
 t - a wand of teleportation (2)
 w - a wand of teleportation (1)
 y - a wand of fire (9)
 H - a wand of cold (3)
 M - a wand of fire (5)
 W - a wand of digging (16)
Scrolls
 l - 4 scrolls of fog
 o - 2 scrolls of summoning
 u - 10 scrolls of remove curse
 B - 3 scrolls of enchant armour
 C - 4 scrolls of recharging
 L - 6 scrolls of fear
 N - 3 scrolls of amnesia
 O - 2 scrolls of teleportation
 S - 3 scrolls of magic mapping
 U - a scroll of blinking
Potions
 a - 2 potions of haste
 f - 2 potions of restore abilities
 h - 8 potions of brilliance
 j - 3 potions of cure mutation
 k - 2 potions of heal wounds
 n - 2 potions of magic
 p - 7 potions of curing
 z - 5 potions of flight
 K - a potion of might
Miscellaneous
 R - an ornate deck of summoning {drawn: 4}
 T - a phantom mirror
Comestibles
 c - 5 fruits
 m - 7 meat rations
 s - a bread ration
 D - 4 slices of pizza
 G - 2 beef jerkies


   Skills:
 - Level 10.9 Fighting
 - Level 12.2 Short Blades
 - Level 18.4 Slings
 - Level 12.2 Armour
 - Level 17.8 Dodging
 - Level 4.7 Stealth
 + Level 8.7 Shields
 - Level 0.1 Spellcasting
 - Level 4.0 Translocations


You had 11 spell levels left.
You knew the following spells:

 Your Spells              Type           Power        Failure   Level  Hunger
a - Apportation           Tloc           #.........   12%         1    ##.....
b - Blink                 Tloc           N/A          17%         2    ###....
s - Shroud of Golubria    Chrm/Tloc      #.........   38%         2    ###....


Dungeon Overview and Level Annotations

Branches:
Dungeon (15/15)            Temple (1/1) D:6            Lair (8/8) D:11
 Shoals (0/5) Lair:5       Spider (2/5) Lair:6        Slime (0/6) Lair:8
    Orc (4/4) D:11            Elf (0/3) Orc:4        Vaults (0/5) D:13
 Depths (1/5) D:15

Altars:
Ashenzari
Cheibriados
Dithmenos
Elyvilon
Fedhas
Gozag
Kikubaaqudgha
Makhleb
Nemelex Xobeh
Okawaru
Qazlal
Ru
Sif Muna
Trog
Vehumet
Xom
Yredelemnul
Zin
The Shining One

Shops:
D:4 (   D:5 }   D:12 (   D:13 [   Orc:1 (   Orc:4 =[[:*   Vaults:1 %
Vaults:4 *   Depths:1 =

Annotations:
D:10 Sonja
D:13 exclusions: obsidian statue and orange crystal statue
D:14 1 runed door, exclusion: orange crystal statue
Lair:2 exclusion: oklob plant
Lair:6 exclusion: 4 oklob plants
Lair:7 Rupert
Spider:2 Nikola


Innate Abilities, Weirdness & Mutations

You are small and have problems with some larger weapons.
You are somewhat resistant to further mutation.
You have very sharp teeth.


Message History

Nikola is lightly wounded.
Nikola hits you with a rapier of electrocution!
You are electrocuted!
You closely miss Nikola.
Nikola is lightly wounded.
You hit Nikola.
You feel better.
Nikola is lightly wounded.
Nikola completely misses you.
You hit Nikola.
You feel better.
Nikola is lightly wounded.
You hit Nikola but do no damage.
Nikola is lightly wounded.
Nikola casts a spell.
You hear a mighty clap of thunder!
The lightning arc hits you!
The lightning arc hits Nikola.
The lightning arc hits you!
* * * LOW HITPOINT WARNING * * *
The lightning arc hits Nikola.
The lightning arc hits you!
You die...
Your body crumbles into a pile of gold.

########## ############ #
#.##.....###.........#^...
..........#...........^...^
.....[....#..#.<...##......#
......##.....#.............#
............##.....#.......#
.#.....^@#####..@..#.......#
##...........#.@.###...#...#
#...........#.............#
##..........#.............#
##.........#........#...##
#....@###.....####..#...#
##......##...## [..# .##
###.....##..# .......#
###....#.## ...#....


You could see Nikola.

Vanquished Creatures
  Frances (D:14)
  A frost giant (IceCv)
  A ghost moth (Spider:1)
  A dire elephant (Lair:8)
  A minotaur (Lab)
  A vault guard (D:13)
  6 hydras
  A yaktaur captain (D:15)
  Fannar (Orc:3)
  Harold (Lair:6)
  2 ice dragons
  6 centaur warriors
  Erica (D:11)
  3 catoblepae
  A deep troll shaman (Lair:8)
  4 death yaks (Lair:8)
  4 orc high priests
  Urug (D:10)
  A tengu warrior (D:15)
  Nergalle (Orc:2)
  A wizard (D:14)
  A fire crab (Lair:6)
  5 unseen horrors
  A shadow wraith (D:13)
  Erolcha (D:9)
  An ice statue (IceCv)
  5 hill giants
  A wolf spider zombie (D:15)
  3 orb spiders (Spider:1)
  6 orc knights
  8 wolf spiders
  5 orc sorcerers
  3 griffons
  An ugly thing (D:10)
  5 cyclopes
  An elephant (shapeshifter) (D:15)
  A guardian serpent (shapeshifter) (D:15)
  Joseph (D:7)
  8 black mambas
  20 elephants
  2 torpor snails
  A gargoyle (D:15)
  11 komodo dragons
  9 spiny frogs
  4 demonic crawlers (Spider:1)
  3 fire drakes
  A kobold demonologist (D:14)
  4 merfolk (Lair:5)
  A tengu conjurer (D:15)
  10 trolls
  19 polar bears
  A harpy skeleton (D:15)
  2 boulder beetles
  5 jumping spiders
  2 ravens (D:15)
  2 two-headed ogres (D:10)
  17 slime creatures
  7 trapdoor spiders
  4 basilisks
  16 blink frogs
  3 shadows
  2 deep elf magi
  2 spriggans (Lair:4)
  2 tarantellas (Spider:1)
  4 redbacks
  72 yaks
  5 wyverns
  Eustachio (D:5)
  6 hippogriffs
  8 hungry ghosts
  A deep elf fighter (Orc:4)
  4 wraiths
  A warg (Orc:4)
  38 wolves
  12 water moccasins
  Edmund (D:9)
  A soldier ant (D:13)
  8 porcupines
  The ghost of Miyamura the Sneak, an average SpEn (D:4)
  27 orc warriors
  26 ogres
  2 black bears (Lair:4)
  6 spiders
  9 ice beasts
  2 wasps
  2 eyes of draining (D:13)
  4 sky beasts
  A boring beetle (Spider:1)
  12 crocodiles
  2 phantoms
  2 necrophages
  Duvessa (Orc:1)
  4 big kobolds
  21 centaurs
  23 giant frogs
  A brain worm (D:15)
  Blork the orc (D:9)
  6 scorpions
  19 killer bees
  A spriggan skeleton (D:9)
  A yak skeleton (Orc:4)
  12 hounds
  5 electric eels
  5 giant frog zombies
  Dowan (Orc:1)
  5 centaur zombies
  5 crimson imps
  2 goliath beetles
  4 jellies
  Crazy Yiuf (D:7)
  3 quasits
  3 centaur skeletons
  A gnoll shaman (D:6)
  25 orc priests
  16 worker ants
  A giant frog skeleton (D:9)
  18 iguanas
  37 orc wizards
  5 sheep
  3 hound zombies
  2 mummies
  3 hound skeletons
  16 gnolls
  2 worker ant zombies
  5 shadow imps
  55 river rats
  A white imp (D:11)
  31 adders
  2 ufetubi
  5 giant geckos
  2 oozes
  191 orcs
  17 ball pythons
  2 bat skeletons
  6 giant cockroaches
  29 goblins
  20 hobgoblins
  33 kobolds
  14 quokkas
  19 bats
  6 giant newts
  A giant spore (D:14)
  19 jackals
  A quokka zombie (D:8)
  37 rats
  5 rat skeletons (Orc:4)
  3 ballistomycetes (D:14)
  A plant (Lair:6)
1263 creatures vanquished.

Vanquished Creatures (collateral kills)
  An ettin (D:14)
1 creature vanquished.

Vanquished Creatures (others)
  A polar bear (IceCv)
  2 dancing weapons (Lair:8)
  A water moccasin (Lair:8)
  3 centaurs (D:14)
  A yak skeleton (Orc:4)
  2 orc priests
  A river rat (Lair:5)
  An adder (Lair:8)
  6 rat skeletons (Orc:4)
  6 fungi
  11 plants
35 creatures vanquished.

Grand Total: 1299 creatures vanquished

Notes
Turn   | Place    | Note
--------------------------------------------------------------
     0 | D:1      | Miyamura, the Halfling Hunter, began the quest for the Orb.
     0 | D:1      | Reached XP level 1. HP: 14/14 MP: 1/1
   118 | D:1      | Reached skill level 6 in Slings
   146 | D:1      | Reached XP level 2. HP: 19/19 MP: 2/2
   216 | D:1      | Reached skill level 1 in Armour
   521 | D:1      | Reached XP level 3. HP: 24/24 MP: 3/3
   736 | D:2      | Reached skill level 1 in Short Blades
   963 | D:2      | Reached XP level 4. HP: 29/29 MP: 4/4
  1061 | D:2      | Reached XP level 5. HP: 25/35 MP: 5/5
  1143 | D:2      | Found a shadowy altar of Dithmenos.
  1562 | D:3      | Found a burning altar of Makhleb.
  1894 | D:3      | Reached skill level 7 in Slings
  1894 | D:3      | Reached XP level 6. HP: 41/41 MP: 6/6
  2410 | D:4      | Found Coikeut's Antique Weapon Emporium.
  2609 | D:4      | Found a glowing drain.
  2616 | Sewer    | Entered a sewer
  2852 | Sewer    | Reached XP level 7. HP: 23/45 MP: 7/7
  3499 | D:4      | Noticed Miyamura's ghost (average SpEn)
  3529 | D:4      | Killed Miyamura's ghost
  3902 | D:4      | Reached XP level 8. HP: 52/52 MP: 8/8
  3996 | D:4      | Got a thick robe
  4008 | D:4      | Identified the cursed +0 robe of Twuteu {rF+ rN+} (You found it on level 4 of the Dungeon)
  4071 | D:4      | Reached skill level 8 in Slings
  4246 | D:5      | Entered Level 5 of the Dungeon
  4722 | D:5      | Reached skill level 5 in Dodging
  5219 | D:5      | Reached XP level 9. HP: 58/58 MP: 9/9
  5392 | D:5      | Noticed Eustachio
  5427 | D:5      | Killed Eustachio
  5427 | D:5      | Reached skill level 5 in Short Blades
  5550 | D:5      | Reached skill level 5 in Armour
  5682 | D:5      | Found Schinnen's Quality Used Wands.
  5731 | D:5      | Reached skill level 9 in Slings
  5770 | D:5      | Found a white marble altar of Elyvilon.
  6254 | D:6      | Found a staircase to the Ecumenical Temple.
  6262 | Temple   | Entered the Ecumenical Temple
  6482 | D:6      | Found a glowing golden altar of the Shining One.
  6741 | D:6      | Found a glowing silver altar of Zin.
  6768 | D:6      | Found a stormy altar of Qazlal.
  7102 | D:7      | Noticed Joseph
  7173 | D:7      | Learned a level 2 spell: Blink
  7228 | D:7      | Killed Joseph
  7228 | D:7      | Reached skill level 5 in Fighting
  7293 | D:7      | Reached XP level 10. HP: 62/66 MP: 10/10
  7433 | D:7      | Reached skill level 10 in Slings
  7908 | D:7      | Noticed Crazy Yiuf
  7914 | D:7      | Killed Crazy Yiuf
  8502 | D:8      | Learned a level 2 spell: Blink
  8559 | D:8      | Found a basalt altar of Yredelemnul.
 11215 | D:9      | Found a runed door.
 11259 | D:9      | Noticed Edmund
 11361 | D:9      | Killed Edmund
 11534 | D:9      | Reached skill level 11 in Slings
 11546 | D:9      | Noticed Erolcha
 11554 | D:9      | Killed Erolcha
 11554 | D:9      | Reached XP level 11. HP: 55/73 MP: 11/11
 11740 | D:9      | Noticed Blork the orc
 11752 | D:9      | Killed Blork the orc
 11788 | D:9      | Found a basalt altar of Yredelemnul.
 12002 | D:9      | Found a snail-covered altar of Cheibriados.
 12403 | Temple   | Became a worshipper of Gozag Ym Sagoz the Greedy
 12497 | D:10     | Entered Level 10 of the Dungeon
 13108 | D:10     | Noticed Urug
 13369 | D:10     | Noticed Sonja
 13401 | D:10     | Killed Urug
 13793 | D:10     | Noticed a hill giant
 13809 | D:10     | Killed a hill giant
 13834 | D:10     | Reached skill level 12 in Slings
 14835 | D:11     | Reached skill level 10 in Short Blades
 14993 | D:11     | Noticed Erica
 15007 | D:11     | Noticed a brown ugly thing
 15355 | D:10     | Killed a red ugly thing
 15355 | D:10     | Reached XP level 12. HP: 48/81 MP: 12/12
 15556 | D:11     | Noticed a green ugly thing
 15770 | D:10     | Noticed a hill giant
 15783 | D:10     | Killed a hill giant
 16143 | D:11     | Killed Erica
 16413 | D:11     | Found a staircase to the Orcish Mines.
 16623 | D:11     | Killed an unseen horror
 16623 | D:11     | Reached skill level 13 in Slings
 16665 | D:11     | Reached skill level 10 in Dodging
 16837 | D:11     | Found a staircase to the Lair.
 17548 | D:11     | Reached skill level 10 in Armour
 17996 | Orc:1    | Entered Level 1 of the Orcish Mines
 18079 | Orc:1    | Found Wavev's Antique Weapon Shop.
 18741 | Orc:1    | Noticed Duvessa
 18743 | Orc:1    | Noticed Dowan
 18753 | Orc:1    | Killed Duvessa
 18869 | Orc:1    | Killed Dowan
 19712 | Orc:3    | Reached XP level 13. HP: 85/89 MP: 13/13
 20128 | Orc:3    | Found a white marble altar of Elyvilon.
 20519 | Orc:2    | Found Ohifoiro's Magic Scroll Shoppe.
 20537 | Orc:2    | Noticed Fannar
 20826 | Orc:2    | Noticed Nergalle
 21743 | Orc:4    | Entered Level 4 of the Orcish Mines
 22026 | Orc:3    | Reached skill level 14 in Slings
 22583 | Orc:4    | Found a staircase to the Elven Halls.
 23265 | Orc:2    | Killed Nergalle
 23291 | Orc:2    | Bought a scroll of enchant weapon for 105 gold pieces
 23291 | Orc:2    | Bought a scroll of blinking for 105 gold pieces
 23291 | Orc:2    | Bought a scroll of identify for 28 gold pieces
 23291 | Orc:2    | Bought a scroll of identify for 28 gold pieces
 23291 | Orc:2    | Bought a scroll of fear for 49 gold pieces
 23291 | Orc:2    | Bought a scroll of teleportation for 42 gold pieces
 23291 | Orc:2    | Bought a scroll of recharging for 133 gold pieces
 23291 | Orc:2    | Bought a scroll of enchant armour for 105 gold pieces
 23291 | Orc:2    | Bought a scroll of magic mapping for 49 gold pieces
 23291 | Orc:2    | Bought a scroll of remove curse for 42 gold pieces
 23435 | Orc:3    | Killed Fannar
 23761 | Orc:4    | Found Crikin's Jewellery Emporium.
 23964 | Orc:4    | Paralysed by an orc sorcerer for 4 turns
 24020 | Orc:2    | HP: 1/90 [something/puff of flame (7)]
 26514 | Orc:4    | Paralysed by an orc sorcerer for 7 turns
 26781 | Orc:4    | Reached skill level 15 in Slings
 26821 | Orc:4    | Found Ogiug's Assorted Antiques.
 26832 | Orc:4    | Found Waroad's Book Shop.
 27296 | Orc:4    | Found Stei's Armour Shoppe.
 27296 | Orc:4    | Found Fabuot's Armour Shop.
 27317 | Orc:4    | Bought a potion of heal wounds for 140 gold pieces
 27317 | Orc:4    | Bought a scroll of identify for 56 gold pieces
 27317 | Orc:4    | Bought a potion of curing for 84 gold pieces
 27317 | Orc:4    | Bought a bubbling amethyst potion for 25 gold pieces
 27317 | Orc:4    | Bought a lumpy ruby amulet for 140 gold pieces
 27323 | Orc:4    | Bought a long gold wand for 112 gold pieces
 27328 | Orc:4    | Bought a +0 pair of boots for 63 gold pieces
 27507 | Lair:1   | Entered Level 1 of the Lair of Beasts
 27746 | Lair:1   | Reached skill level 1 in Translocations
 28102 | Orc:1    | Bought a crude rapier for 306 gold pieces
 28102 | Orc:1    | Identified the cursed -1 rapier of Analysis {venom, Str+3} (You bought it in a shop on level 1 of the Orcish Mines)
 28454 | Lair:1   | Reached XP level 14. HP: 91/98 MP: 14/14
 29075 | Lair:2   | Got a pair of ichor-stained gloves
 29086 | Lair:2   | Identified the cursed -4 pair of gloves of Diraquuzi {+Inv rF+} (You found it on level 2 of the Lair of Beasts)
 29514 | Lair:2   | Found an iron altar of Okawaru.
 29756 | Lair:2   | Reached skill level 10 in Fighting
 30893 | Lair:4   | Found a labyrinth entrance.
 30908 | Lab      | Entered a labyrinth
 31161 | Lab      | Got a scintillating ivory ring
 31199 | Lab      | Identified the ring "Viemioss" {rF+ Int+4} (You took it off a minotaur in a labyrinth)
 31203 | Lab      | Identified Dispater's Tome of the Rocks and Conjuration
 33393 | Lair:5   | Found a staircase to the Shoals.
 33816 | Lair:6   | Found a hole to the Spider Nest.
 34133 | Lair:6   | Noticed Harold
 35095 | Lair:6   | Reached skill level 16 in Slings
 35268 | Lair:6   | Killed Harold
 36140 | D:12     | Found Poesuk's Antique Weapon Boutique.
 36213 | D:12     | Found a blossoming altar of Fedhas.
 36392 | D:12     | Got a brightly glowing flail
 36393 | D:12     | Identified the +7 flail "Striapse" {venom, rN+} (You found it on level 12 of the Dungeon)
 36649 | D:12     | Reached XP level 15. HP: 103/103 MP: 15/15
 37156 | D:12     | Bought a polished quarterstaff for 189 gold pieces
 37156 | D:12     | Identified the cursed -1 quarterstaff of a wizard's laboratory {flame, rN+ Dex+2} (You bought it in a shop on level 12 of the Dungeon)
 38007 | D:13     | Found Ikeo's Armour Shop.
 38111 | D:13     | Bought a +3 ring mail of poison resistance for 368 gold pieces
 38698 | D:13     | Found a gate to the Vaults.
 40179 | Lair:6   | Reached skill level 15 in Dodging
 40312 | Lair:6   | Reached skill level 17 in Slings
 41452 | Lair:7   | Got a translucent short sword
 41453 | Lair:7   | Identified the +1 short sword "Froegeigg" {pierce, rC- MP+9 Dex+3} (You found it on level 7 of the Lair of Beasts)
 41543 | Lair:7   | Noticed Rupert
 41977 | Lair:8   | Entered Level 8 of the Lair of Beasts
 42393 | Lair:8   | Found a staircase to the Slime Pits.
 42515 | Lair:8   | Found a frozen archway.
 42586 | IceCv    | Entered an ice cave
 43022 | IceCv    | Gained mutation: You have very sharp teeth. [potion of mutation]
 43152 | IceCv    | Reached skill level 18 in Slings
 43165 | IceCv    | Reached XP level 16. HP: 109/109 MP: 16/16
 44048 | IceCv    | Noticed a frost giant
 44753 | IceCv    | Killed a frost giant
 44765 | IceCv    | Got a pitted dagger
 44769 | IceCv    | Identified the +9 dagger "Gynlec" {vamp, rPois rN+ MP+9 Int-3 Stlth+} (You found it in an ice cave)
 44772 | IceCv    | Identified the Handbook of Hurtful Ice
 46239 | Lair:8   | Learned a level 1 spell: Apportation
 46242 | Lair:8   | Learned a level 2 spell: Shroud of Golubria
 47641 | D:14     | Found a runed door.
 47700 | D:14     | Noticed Frances
 48267 | D:14     | Killed Frances
 49100 | D:15     | Entered Level 15 of the Dungeon
 49100 | D:15     | Found Lill's Food Emporium.
 49113 | D:15     | Bought 5 fruits for 90 gold pieces
 49113 | D:15     | Bought a meat ration for 60 gold pieces
 49113 | D:15     | Bought 3 fruits for 54 gold pieces
 49113 | D:15     | Bought a bread ration for 60 gold pieces
 49113 | D:15     | Bought a slice of pizza for 18 gold pieces
 49113 | D:15     | Bought a beef jerky for 18 gold pieces
 49113 | D:15     | Bought a meat ration for 60 gold pieces
 49113 | D:15     | Bought a slice of pizza for 18 gold pieces
 49113 | D:15     | Bought a beef jerky for 18 gold pieces
 49113 | D:15     | Bought a meat ration for 60 gold pieces
 49113 | D:15     | Bought a slice of pizza for 18 gold pieces
 49113 | D:15     | Bought a beef jerky for 18 gold pieces
 49113 | D:15     | Bought a slice of pizza for 18 gold pieces
 49837 | D:15     | Reached XP level 17. HP: 105/117 MP: 17/17
 49852 | D:15     | Reached skill level 1 in Shields
 50765 | D:15     | Reached skill level 5 in Shields
 50778 | D:15     | Found a staircase to the Depths.
 50938 | Depths:1 | Entered Level 1 of the Depths
 50943 | Depths:1 | Found Streyg's Jewellery Shoppe.
 50947 | Depths:1 | Bought an uncursed amulet of resist corrosion for 360 gold pieces
 50947 | Depths:1 | Bought the ring "Wawnesme" {rN+ MR+ MP+9 Str+4 Int+2} for 813 gold pieces
 51269 | Spider:1 | Entered Level 1 of the Spider Nest
 51866 | Spider:1 | Got an ichor-stained ring mail
 51877 | Spider:1 | Identified the +1 ring mail of Ladders and Snakes {rF- rN+ Dex+3 SInv} (You found it on level 1 of the Spider Nest)
 52757 | Spider:2 | Noticed Nikola
 52891 | Spider:2 | Killed from afar by Nikola

Action                   |  1- 3 |  4- 6 |  7- 9 | 10-12 | 13-15 | 16-18 || total
-------------------------+-------+-------+-------+-------+-------+-------++-------
Melee: Short sword       |       |    40 |    27 |   268 |  3696 |   374 ||  4405
       Hunting sling     |       |       |     5 |     4 |     2 |       ||    11
       Dagger            |       |       |       |       |       |  1836 ||  1836
 Fire: Hunting sling     |    71 |   278 |   414 |  1939 |   890 |       ||  3592
 Cast: Blink             |       |       |       |       |    13 |     8 ||    21
Invok: Call Merchant     |       |       |       |     1 |     2 |     3 ||     6
       Potion Petition   |       |       |       |       |     1 |     1 ||     2
Evoke: Wand              |       |       |     1 |    44 |    12 |    39 ||    96
       Deck              |       |       |       |       |     1 |     3 ||     4
  Use: Scroll            |     4 |     2 |    14 |    16 |    36 |     6 ||    78
       Potion            |       |     4 |    13 |     9 |    12 |     2 ||    40
 Stab: Invisible         |       |       |     5 |       |     4 |       ||     9
       Sleeping          |       |       |     1 |       |    25 |    18 ||    44
       Distracted        |       |       |       |     1 |     9 |    15 ||    25
       Fleeing           |       |       |       |       |     1 |     1 ||     2
       Petrified         |       |       |       |       |       |     2 ||     2
       Confused          |       |       |       |       |       |     1 ||     1
  Eat: Chunk             |       |     6 |     9 |    15 |       |       ||    30
       Bread ration      |       |       |     1 |       |     8 |     4 ||    13
       Fruit             |       |       |       |     5 |     3 |     8 ||    16
       Meat ration       |       |       |       |     1 |     5 |     2 ||     8
       Royal jelly       |       |       |       |     4 |       |       ||     4
       Beef jerky        |       |       |       |     3 |    11 |     2 ||    16
       Pizza             |       |       |       |       |     2 |       ||     2
